 Dungeon Sprint DCSS version 0.25-a0-890-g62861fb (webtiles) character file.

Game seed: 1311908251337274779, levelgen mode: deterministic

61924 vertexvortex the Bringer of Light (level 15, -8/155 HPs)
             Began as a Hill Orc Fighter on May 8, 2020.
             Was the Champion of the Shining One.
             Mangled by Xtahua (17 damage)
             ... while paralysed by Xtahua
             ... in the Dungeon (Sprint IX: "|||||||||||||||||||||||||||||").
             The game lasted 00:46:57 (5252 turns).

vertexvortex the Bringer of Light (HOFi)            Turns: 5252, Time: 00:46:58

Health: -8/155     AC: 24    Str: 26    XL:     15   Next: 4%
Magic:  31/31      EV:  2    Int:  8    God:    the Shining One [******]
Gold:   1260       SH:  0    Dex: 10    Spells: 14/14 levels left

rFire    + . .     SeeInvis .   F - +5 broad axe
rCold    + + .     Gourm    .   G - +1 tower shield {rC+ rF+}
rNeg     + + +     Faith    .   K - +1 ice dragon scales
rPois    .         Spirit   .   p - +0 helmet
rElec    .         Reflect  .   b - +2 cloak {+Inv}
rCorr    .         Harm     .   z - +0 pair of gloves
MR       +....     NoTele   +   q - +0 pair of boots
Stlth    ..........             (no amulet)
HPRegen  0.35/turn              s - +2 ring of evasion
MPRegen  0.22/turn              D - ring of fire

@: paralysed, glowing
A: no striking features
a: Divine Shield, Cleansing Flame, Summon Divine Warrior, Brand Weapon With Holy
Wrath, Renounce Religion, Evoke Invisibility


You were in the Dungeon.
You worshipped the Shining One.
The Shining One was exalted by your worship.
You were not hungry.

You visited 1 branch You collected 1709 gold pieces.
You spent 449 gold pieces at shops.

Inventory:

Hand Weapons
 o - a +1 broad axe of freezing
 E - the +5 glaive of Quigo {speed, rF+ MP+9}
   (You found it in the Dungeon)

   Attacks with this weapon are significantly faster.
   It protects you from fire.
   It affects your magic capacity (+9).
 F - a +5 broad axe (weapon)
 L - the +8 dagger of Darkness {speed, Fragile rElec rN++ SInv}
   (You found it in the Dungeon)

   Attacks with this weapon are significantly faster.
   It insulates you from electricity.
   It greatly protects you from negative energy.
   It lets you see invisible.
   It will be destroyed if unequipped.
 M - a +3 arbalest of freezing
Missiles
 g - 11 boomerangs
 w - 50 bolts
 J - 2 javelins (quivered)
Armour
 b - a +2 cloak of invisibility (worn)
 c - a +0 kite shield
 p - a +0 helmet (worn)
 q - a +0 pair of boots (worn)
 r - a +3 scale mail
 u - +0 fire dragon scales
 z - a +0 pair of gloves (worn)
 G - a +1 tower shield of resistance (worn)
 H - a +4 plate armour
 K - +1 ice dragon scales (worn)
 N - +0 swamp dragon scales
Jewellery
 s - a +2 ring of evasion (left hand)
 t - a +3 ring of intelligence
 x - an uncursed ring of see invisible
 B - an uncursed ring of protection from cold
 C - an uncursed ring of poison resistance
 D - a ring of fire (right hand)
Wands
 a - a wand of digging (5)
 n - a wand of iceblast (9)
 A - a wand of disintegration (10)
Scrolls
 k - 3 scrolls of blinking
 l - 5 scrolls of remove curse
 m - 2 scrolls of amnesia
 y - a scroll of fear
Potions
 d - 2 potions of might
 e - a potion of curing
 f - a potion of stabbing
 h - a potion of haste
 i - 4 potions of magic
 j - a potion of berserk rage
 I - a potion of flight {unknown}
 O - a potion of brilliance
Comestibles
 v - 7 rations


   Skills:
 + Level 19.6 Fighting
 + Level 23.8 Axes
 + Level 14.8 Armour
 + Level 20.5 Shields
 * Level 25.8 Invocations
 - Level 0.5 Evocations


You had 14 spell levels left.
You didn't know any spells.
Your spell library was empty.

Dungeon Overview and Level Annotations

Branches:
Dungeon (1/1)

Altars:
Cheibriados
Dithmenos
Elyvilon
Fedhas
Gozag
Hepliaklqana
Kikubaaqudgha
Makhleb
Nemelex Xobeh
Okawaru
Qazlal
Ru
Sif Muna
Trog
Uskayaw
Vehumet
Wu Jian
Xom
Yredelemnul
Zin
The Shining One
Beogh
Jiyva
Lugonu

Shops:
D }%[%

Annotations:
D Xtahua


Message History

Xtahua bites you but does no damage. Xtahua claws you but does no damage.
Xtahua tramples you!
You are shoved backwards!
Xtahua bites you but does no damage. Xtahua claws you!
* * * LOW HITPOINT WARNING * * *
Xtahua tramples you.
* * * LOW HITPOINT WARNING * * *
You are shoved backwards!
Xtahua bites you!
* * * LOW HITPOINT WARNING * * *
Xtahua claws you but does no damage. Xtahua tramples you.
* * * LOW HITPOINT WARNING * * *
You are shoved backwards!
You are engulfed in blazing flames.
You resist.
* * * LOW HITPOINT WARNING * * *
Xtahua roars overwhelmingly at you!
You shrug off the repeated paralysis!
You are engulfed in blazing flames.
You resist.
* * * LOW HITPOINT WARNING * * *
Xtahua bites you!
You die...

.......................))........
▓♣♣♣♣♣♣♣♣♣♣▓▓▓▓▓▓▓▓▓▓▓▓▓▓▓▓▓▓▓▓▓▓
.'.......†.†.........'))).)....'.
▓♣♣♣♣♣♣♣♣♣♣▓▓▓▓▓▓▓▓▓▓▓▓▓▓▓▓▓▓▓▓▓▓
................................)
▓▓▓▓▓▓▓▓▓▓▓▓▓▓▓▓▓▓▓▓▓▓▓▓▓▓▓▓▓▓▓▓▓
......)[....(((()))†.)...........
▓▓▓▓▓▓▓▓▓▓▓▓▓▓▓▓▓▓▓▓▓▓▓▓▓▓▓▓▓▓▓▓▓
..........D@................
▓▓▓▓▓▓▓▓▓▓▓▓▓▓▓▓▓▓▓▓▓▓▓▓▓▓▓▓


You could see Xtahua.

Vanquished Creatures
  Rupert (D)
  Agnes (D)
  A nagaraja (D)
  A fire giant (D)
  2 very ugly things (D)
  2 emperor scorpions (D)
  A stone giant (D)
  2 entropy weavers (D)
  Azrael (D)
  2 spark wasps (D)
  An ettin (D)
  3 fire dragons (D)
  5 ogre magi (D)
  3 hydras (D)
  A yaktaur captain (D)
  2 ice dragons (D)
  2 rakshasas (D)
  A deep troll shaman (D)
  A merfolk aquamancer (D)
  3 centaur warriors (D)
  6 two-headed ogres (D)
  A deep troll earth mage (D)
  Urug (D)
  A vampire mage (D)
  A shock serpent (D)
  Nergalle (D)
  A spriggan berserker (D)
  A hell knight (D)
  An unseen horror (D)
  A glowing orange brain (D)
  2 orc knights (D)
  A deep troll (D)
  2 necromancers (D)
  A lindwurm (D)
  A harpy (shapeshifter) (D)
  2 ironbrand convokers (D)
  2 ugly things (D)
  An orb spider (D)
  A mana viper (D)
  3 cyclopes (D)
  A wolf spider (D)
  2 naga magi (D)
  4 black mambas (D)
  2 vault sentinels (D)
  A gargoyle (D)
  A spiny frog (D)
  A komodo dragon (D)
  A yaktaur (D)
  3 tyrant leeches (D)
  A jumping spider (D)
  A blink frog (D)
  A hippogriff (D)
  2 wyverns (D)
  3 tarantellas (D)
  4 yaks (D)
  2 fire elementals (D)
  A basilisk (D)
  A hungry ghost (D)
  A naga (D)
  3 hell hounds (D)
  A porcupine (D)
  5 orc warriors (D)
  A wolf (D)
  5 ogres (D)
  2 crocodiles (D)
  4 bullfrogs (D)
  A wight (D)
  A crimson imp (D)
  2 orc priests (D)
  A jelly (D)
  6 orc wizards (D)
  A worker ant (D)
  2 adders (D)
  An adder zombie (D)
  4 worms (D)
  7 orcs (D)
  A bat zombie (D)
  2 hobgoblins (D)
  A frilled lizard (D)
  A leopard gecko skeleton (D)
  A leopard gecko zombie (D)
  2 rats (D)
155 creatures vanquished.

Vanquished Creatures (collateral kills)
  An entropy weaver (D)
  An ettin (D)
  A fire dragon (D)
  A rakshasa (D)
  A hydra (D)
  An alligator snapping turtle (D)
  A tengu warrior (D)
  2 orc high priests (D)
  Sonja (D)
  A flayed ghost (D)
  A sea snake (D)
  2 swamp dragons (D)
  An orc knight (D)
  A manticore (D)
  A wolf spider (D)
  A water nymph (D)
  3 merfolk (D)
  2 vampire mosquitoes (D)
  3 swamp drakes (D)
  3 orc warriors (D)
  A black bear (shapeshifter) (D)
  A centaur (D)
31 creatures vanquished.

Vanquished Creatures (others)
  An alligator (D)
1 creature vanquished.

Grand Total: 187 creatures vanquished

Notes
Turn   | Place    | Note
-------+----------+-------------------------------------------
     0 | D        | vertexvortex the Hill Orc Fighter began the quest for the
                  | Orb.
     0 | D        | Reached XP level 1. HP: 19/19 MP: 1/1
    18 | D        | Reached skill level 5 in Fighting
    53 | D        | Noticed a crimson imp
    61 | D        | Reached XP level 2. HP: 27/29 MP: 2/2
    83 | D        | Killed a crimson imp
    83 | D        | Reached XP level 3. HP: 34/39 MP: 3/3
    90 | D        | Found a roughly hewn altar of Beogh.
    90 | D        | Found a snail-covered altar of Cheibriados.
    90 | D        | Found a shadowy altar of Dithmenos.
    90 | D        | Found a white marble altar of Elyvilon.
    90 | D        | Found a blossoming altar of Fedhas.
    90 | D        | Found an opulent altar of Gozag.
    91 | D        | Found a hazy altar of Hepliaklqana.
    92 | D        | Found a viscous altar of Jiyva.
    93 | D        | Found an ancient bone altar of Kikubaaqudgha.
    94 | D        | Found a corrupted altar of Lugonu.
    95 | D        | Found a burning altar of Makhleb.
    96 | D        | Found a sparkling altar of Nemelex Xobeh.
    97 | D        | Found an iron altar of Okawaru.
    98 | D        | Found a stormy altar of Qazlal.
    99 | D        | Found a sacrificial altar of Ru.
   100 | D        | Found a shimmering blue altar of Sif Muna.
   101 | D        | Found a bloodstained altar of Trog.
   102 | D        | Found a hide-covered altar of Uskayaw.
   103 | D        | Found a radiant altar of Vehumet.
   104 | D        | Found an ornate altar of the Wu Jian Council.
   105 | D        | Found a shimmering altar of Xom.
   106 | D        | Found a basalt altar of Yredelemnul.
   107 | D        | Found a glowing silver altar of Zin.
   108 | D        | Found a glowing golden altar of the Shining One.
   116 | D        | Became a worshipper of the Shining One
   159 | D        | Noticed a yak
   159 | D        | Noticed a wyvern
   159 | D        | Reached * piety under the Shining One
   159 | D        | Reached ** piety under the Shining One
   161 | D        | Reached XP level 4. HP: 47/47 MP: 4/4
   169 | D        | Killed a yak
   169 | D        | Reached skill level 5 in Armour
   169 | D        | Reached skill level 5 in Shields
   169 | D        | Reached skill level 4 in Invocations
   169 | D        | Reached XP level 5. HP: 39/56 MP: 4/8
   178 | D        | Killed a wyvern
   178 | D        | Reached skill level 10 in Axes
   178 | D        | Reached skill level 6 in Invocations
   178 | D        | Reached XP level 6. HP: 38/64 MP: 2/10
   335 | D        | Noticed a yak
   335 | D        | Noticed a hungry ghost
   335 | D        | Reached *** piety under the Shining One
   335 | D        | Noticed a two-headed ogre
   339 | D        | Reached skill level 7 in Invocations
   339 | D        | Reached XP level 7. HP: 71/71 MP: 12/12
   343 | D        | Killed a yak
   343 | D        | Reached skill level 10 in Fighting
   359 | D        | Killed a hungry ghost
   359 | D        | Reached skill level 8 in Invocations
   366 | D        | Killed a two-headed ogre
   366 | D        | Reached skill level 9 in Invocations
   366 | D        | Reached XP level 8. HP: 34/82 MP: 12/15
   580 | D        | Noticed Urug
   596 | D        | Killed Urug
   596 | D        | Reached skill level 15 in Axes
   596 | D        | Reached skill level 10 in Invocations
   596 | D        | Reached XP level 9. HP: 79/89 MP: 13/17
   718 | D        | Noticed a black mamba
   718 | D        | Reached **** piety under the Shining One
   721 | D        | Killed a black mamba
   721 | D        | Reached skill level 11 in Invocations
   721 | D        | Noticed a spiny frog
   750 | D        | Killed a spiny frog
   750 | D        | Reached skill level 10 in Shields
   750 | D        | Reached skill level 12 in Invocations
   750 | D        | Reached XP level 10. HP: 63/97 MP: 13/19
   966 | D        | Reached ***** piety under the Shining One
   967 | D        | Noticed a four-headed hydra
   972 | D        | Noticed a six-headed hydra
   985 | D        | Killed a five-headed hydra
   985 | D        | Reached skill level 13 in Invocations
   996 | D        | Killed a 14-headed hydra
  1189 | D        | Noticed a lindwurm
  1200 | D        | Reached skill level 14 in Invocations
  1213 | D        | Killed a lindwurm
  1214 | D        | Reached ****** piety under the Shining One
  1214 | D        | Reached XP level 11. HP: 81/107 MP: 17/21
  1481 | D        | Noticed Sonja
  1486 | D        | Killed Sonja
  1833 | D        | Noticed an orc knight
  1850 | D        | Killed an orc knight
  1850 | D        | Reached skill level 10 in Armour
  1850 | D        | Reached skill level 15 in Invocations
  1894 | D        | Noticed an orc high priest
  1899 | D        | Noticed an orc high priest
  1908 | D        | Noticed an orc knight
  1925 | D        | Killed an orc high priest
  1928 | D        | Noticed a sixfirhy
  1935 | D        | Killed an orc high priest
  1935 | D        | Reached skill level 16 in Invocations
  1946 | D        | Killed an orc knight
  1982 | D        | Found Innirarr's Gadget Emporium.
  1982 | D        | Noticed a two-headed ogre
  1982 | D        | Noticed a two-headed ogre
  1982 | D        | Noticed a two-headed ogre
  1986 | D        | Killed a two-headed ogre
  1989 | D        | Noticed a two-headed ogre
  1989 | D        | Killed a two-headed ogre
  1989 | D        | Reached skill level 17 in Invocations
  1997 | D        | Killed a two-headed ogre
  2000 | D        | Found Ifucuew's Food Shoppe.
  2004 | D        | Killed a two-headed ogre
  2008 | D        | Found Ciotes's Armour Emporium.
  2014 | D        | Found Miruzair's Food Shoppe.
  2016 | D        | Noticed a two-headed ogre
  2017 | D        | Noticed an ogre mage
  2018 | D        | Noticed an ogre mage
  2021 | D        | Noticed an ogre mage
  2024 | D        | Killed a two-headed ogre
  2024 | D        | Reached skill level 18 in Invocations
  2024 | D        | Reached XP level 12. HP: 58/118 MP: 17/25
  2026 | D        | Killed an ogre mage
  2031 | D        | Killed an ogre mage
  2031 | D        | Killed an ogre mage
  2031 | D        | Reached skill level 19 in Invocations
  2060 | D        | Bought a wand of digging (5) for 234 gold pieces
  2064 | D        | Bought a +2 cloak of invisibility for 215 gold pieces
  2264 | D        | Got the +5 glaive of Quigo {speed, rF+ MP+9}
  2359 | D        | Got the +8 dagger of Darkness {speed, Fragile rElec rN++
                  | SInv}
  2396 | D        | Noticed a centaur warrior
  2396 | D        | Noticed a centaur warrior
  2396 | D        | Noticed an eight-headed hydra
  2396 | D        | Noticed an ogre mage
  2401 | D        | Killed a centaur warrior
  2404 | D        | Noticed a stone giant
  2409 | D        | Killed a centaur warrior
  2414 | D        | Noticed a fire dragon
  2416 | D        | Killed a 15-headed hydra
  2418 | D        | Noticed a rakshasa
  2429 | D        | Reached skill level 20 in Invocations
  2437 | D        | Killed an ogre mage
  2437 | D        | Reached skill level 15 in Fighting
  2439 | D        | Noticed an ettin
  2442 | D        | Noticed a tengu warrior
  2448 | D        | Killed a stone giant
  2448 | D        | Noticed a tengu warrior
  2454 | D        | Killed a fire dragon
  2455 | D        | Noticed a fire dragon
  2460 | D        | Noticed a green very ugly thing
  2468 | D        | Killed a rakshasa
  2472 | D        | Killed an ettin
  2480 | D        | Killed a green very ugly thing
  2480 | D        | Reached skill level 21 in Invocations
  2488 | D        | Killed a tengu warrior
  2517 | D        | Killed a fire dragon
  2517 | D        | Reached XP level 13. HP: 64/127 MP: 6/27
  2778 | D        | Noticed Azrael
  2784 | D        | Noticed Nergalle
  2797 | D        | Killed Azrael
  2797 | D        | Reached skill level 15 in Shields
  2806 | D        | Killed Nergalle
  2861 | D        | Noticed Rupert
  2862 | D        | Paralysed by Rupert for 5 turns
  2876 | D        | Killed Rupert
  2876 | D        | Reached skill level 22 in Invocations
  2915 | D        | HP: 4/128 [merfolk aquamancer/shard of ice (25)]
  2988 | D        | Reached skill level 23 in Invocations
  3478 | D        | Noticed an entropy weaver
  3478 | D        | Noticed an emperor scorpion
  3478 | D        | Noticed an emperor scorpion
  3484 | D        | Noticed an entropy weaver
  3489 | D        | Killed an entropy weaver
  3504 | D        | Killed an emperor scorpion
  3526 | D        | Killed an emperor scorpion
  3552 | D        | Killed an entropy weaver
  3944 | D        | Noticed a nagaraja
  3963 | D        | Killed a nagaraja
  3963 | D        | Reached skill level 24 in Invocations
  3965 | D        | Reached XP level 14. HP: 140/140 MP: 21/30
  4149 | D        | Noticed Agnes
  4164 | D        | Killed Agnes
  4254 | D        | Noticed a brown very ugly thing
  4279 | D        | Killed a brown very ugly thing
  4290 | D        | Noticed a fire giant
  4317 | D        | Killed a fire giant
  4340 | D        | HP: 2/144 [ice dragon/blast of cold (8)]
  4345 | D        | Reached skill level 25 in Invocations
  4662 | D        | Noticed an entropy weaver
  4672 | D        | Reached XP level 15. HP: 125/152 MP: 23/31
  4759 | D        | Noticed Xtahua
  4765 | D        | Paralysed by Xtahua for 7 turns
  4775 | D        | HP: 7/155 [Xtahua/searing blast (21)]
  5245 | D        | Paralysed by Xtahua for 7 turns
  5252 | D        | Mangled by Xtahua

Levels and vault maps discovered:
D:        linesprint [early_d, line_temple, items_1, d_10, items_2, lair_1,
          lair_end, items_3, orc_1, orc_end, items_4, d_15, swamp_1, shoals_1,
          snake_1, spider_1, d_20, vaults_1, items_5, swamp_end, shoals_end,
          snake_end, spider_end, vaults_end, d_27, items_6, zot_1, zot_end,
          crypt_end, forest_end, elf_end, slime_end, tomb_end, abyss_end,
          pan_hell_end]

Skill      XL: |  1  2  3  4  5  6  7  8  9 10 11 12 13 14 |
---------------+-------------------------------------------+-----
Fighting       | 5 7 8 9 11 12 13 14 15 17 19 | 19.6
Axes           | 3 6 9 10 11 14 15 17 19 20 21 22 23 | 23.8
Armour         | 5 6 7 8 9 11 12 13 14 | 14.8
Shields        | 5 6 8 9 10 11 12 14 17 20 | 20.5
Invocations    | 4 6 7 9 10 12 14 18 21 24 25 | 25.8
Evocations     | |  0.5

Action                   |  1- 3 |  4- 6 |  7- 9 | 10-12 | 13-15 || total
-------------------------+-------+-------+-------+-------+-------++-------
Melee: War axe           |    41 |       |       |       |       ||    41
       Broad axe         |     2 |    28 |    63 |   196 |   331 ||   620
Throw: Javelin           |       |       |     3 |    23 |    13 ||    39
       Boomerang         |       |       |       |       |     1 ||     1
Invok: Divine Shield     |       |     1 |     3 |     6 |     2 ||    12
       Cleansing Flame   |       |       |     1 |    10 |     3 ||    14
       Summon Divine War |       |       |       |     3 |     2 ||     5
Evoke: Wand              |       |       |       |     1 |     2 ||     3
  Use: Potion            |       |       |       |     8 |    12 ||    20
       Scroll            |       |       |       |     6 |     2 ||     8
  Eat: Ration            |       |       |     1 |     2 |     3 ||     6
       Chunk             |       |       |       |       |     1 ||     1
Armor: Scale mail        |    25 |     4 |    10 |    25 |       ||    64
       Ice dragon scales |       |       |       |    24 |    90 ||   114
       Plate armour      |       |       |       |       |     1 ||     1
Dodge: Dodged            |    13 |    11 |    14 |    42 |    56 ||   136
Block: Kite shield       |    24 |    15 |    35 |    75 |       ||   149
       Tower shield      |       |       |       |    90 |   306 ||   396

Table legend:
 A = Non-vault XP
 B = Vault XP
 C = Vault XP percentage of total XP
 D = Non-vault monster count
 E = Vault monster count
 F = Vault count percentage of total count
                 A         B        C        D         E       F
            +---------+---------+-------+---------+---------+-------
      Total |       0 |   88464 | 100.0 |       0 |     187 | 100.0
            +---------+---------+-------+---------+---------+-------
          D |       0 |   88464 | 100.0 |       0 |     187 | 100.0
            +---------+---------+-------+---------+---------+-------
